 Dungeon Crawl Stone Soup version 0.24.0-123-gd5b16e6ec5 (webtiles) character file.

Game seed: 14938329959366306639, levelgen mode: deterministic

44 FishyPogo the Charmwright (level 3, -28/46 HPs)
             Began as a Gnoll Skald on Dec 21, 2019.
             Killed from afar by a goblin (38 damage)
             ... with an exploding inner flame
             ... led by Robin
             ... hexed by the player character
             ... on level 2 of the Dungeon.
             The game lasted 00:03:49 (777 turns).

FishyPogo the Charmwright (Gnoll Skald)              Turns: 777, Time: 00:03:51

Health: -28/46     AC: 21    Str: 13    XL:     3   Next: 60%
Magic:  3/9        EV:  2    Int: 15    God:
Gold:   53         SH:  3    Dex: 15    Spells: 1/12 levels left

rFire    . . .     SeeInvis .   a - +0 mace
rCold    . . .     Gourm    .   (no shield)
rNeg     + + +     Faith    .   (armour currently unavailable)
rPois    +         Spirit   .   (helmet currently unavailable)
rElec    .         Reflect  +   (cloak currently unavailable)
rCorr    .         Harm     .   (gloves currently unavailable)
MR       .....     NoTele   +   (boots currently unavailable)
Stlth    ++........             h - +3 amulet of reflection
HPRegen  0.15/turn              (no ring)
MPRegen  0.11/turn              (no ring)

@: tree-form
A: distributed training, strong nose
a: no special abilities


You were on level 2 of the Dungeon.
You were not hungry.
You were a tree.
You visited 1 branch of the dungeon, and saw 2 of its levels.

You collected 53 gold pieces.

Inventory:

Hand Weapons
 a - a +0 mace (weapon)
Missiles
 e - 65 stones (quivered)
 o - 6 boomerangs
Armour
 b - a +0 leather armour
 f - a cursed +0 leather armour
 i - a cursed +0 robe (melded)
Jewellery
 h - a +3 amulet of reflection (around neck)
Comestibles
 d - 2 rations
 n - 2 chunks of flesh


   Skills:
 + Level 4.5 Fighting
 + Level 0.8 Short Blades
 + Level 0.8 Long Blades
 + Level 0.8 Axes
 + Level 4.5 Maces & Flails
 + Level 0.8 Polearms
 + Level 0.8 Staves
 + Level 0.8 Slings
 + Level 0.8 Bows
 + Level 0.8 Crossbows
 + Level 0.8 Throwing
 + Level 2.6 Armour
 + Level 4.5 Dodging
 + Level 0.8 Stealth
 + Level 0.8 Shields
 + Level 0.8 Unarmed Combat
 + Level 5.0 Spellcasting
 + Level 0.5 Conjurations
 + Level 0.5 Hexes
 + Level 5.4 Charms
 + Level 0.5 Summonings
 + Level 0.5 Necromancy
 + Level 0.5 Translocations
 + Level 0.5 Transmutations
 + Level 0.5 Fire Magic
 + Level 0.5 Ice Magic
 + Level 0.5 Air Magic
 + Level 0.5 Earth Magic
 + Level 0.5 Poison Magic
 + Level 1.0 Invocations
 + Level 0.8 Evocations


You had one spell level left.
You knew the following spells:

 Your Spells              Type           Power        Failure   Level  Hunger
h - Regeneration          Chrm/Necr      ##........   14%         3    ###....
n - Spectral Weapon       Hex/Chrm       ##......     14%         3    ###....
p - Shroud of Golubria    Chrm/Tloc      ##....       7%          2    ##.....
u - Song of Slaying       Chrm           ###.....     2%          2    ##.....
y - Infusion              Chrm           ###.         1%          1    None

Your spell library contained the following spells:

 Spells                   Type           Power        Failure   Level  Hunger


Dungeon Overview and Level Annotations

Branches:
Dungeon (2/15)

Altars:

Annotations:
D:2 Robin


Innate Abilities, Weirdness & Mutations

Your experience applies equally to all skills.
((You have very sharp teeth.))
Your uncanny sense of smell can sniff out nearby items.


Message History

You feel a strange sense of stasis.
It was a scroll of teleportation.
The hobgoblin hits you but does no damage.
As you read the scroll labeled WITEUKAFOYT, it crumbles to dust.
The creatures around you are filled with an inner flame!
It was a scroll of immolation.
The goblin hits you but does no damage. The rat bites you.
* * * LOW HITPOINT WARNING * * *
As you read the scroll labeled CAEHUS SACONLO, it crumbles to dust.
It is a scroll of identify.
f - a cursed +0 leather armour The goblin no longer looks unusually strong.
The hobgoblin hits you but does no damage.
The goblin hits you but does no damage. The rat bites you but does no damage.
You hit the rat.
The rat explodes!
The fiery explosion engulfs the goblin!
The goblin explodes!
The fiery explosion engulfs you!!!
Ouch! That really hurt!
You die...

..>........#
##.#.......#
#.######..##
# ##(.# ##.##
#..# ## ##§##
..# #§§##
...#
##§♣##g...#
##§gggg..#
#...§ggg....#
######J§#<..#
∆..## ..# ∆
### .# #


You could see 2 hobgoblins and 3 goblins.

Vanquished Creatures
  An ooze (D:1)
  A leopard gecko (D:2)
  2 giant cockroaches
  5 goblins
  6 hobgoblins
  3 jackals (D:1)
  A ball python (D:1)
  4 bats (D:1)
  4 frilled lizards (D:1)
  6 kobolds
  3 rats (D:1)
36 creatures vanquished.

Vanquished Creatures (others)
  A kobold (D:1)
1 creature vanquished.

Grand Total: 37 creatures vanquished

Notes
Turn   | Place    | Note
-------+----------+-------------------------------------------
     0 | D:1      | FishyPogo the Gnoll Skald began the quest for the Orb.
     0 | D:1      | Reached XP level 1. HP: 20/20 MP: 6/6
   150 | D:1      | Reached XP level 2. HP: 23/26 MP: 7/7
   156 | D:1      | Learned a level 2 spell: Song of Slaying
   159 | D:1      | Learned a level 2 spell: Shroud of Golubria
   307 | D:1      | Reached XP level 3. HP: 18/31 MP: 9/9
   321 | D:1      | Reached skill level 5 in Spellcasting
   399 | D:1      | Learned a level 3 spell: Regeneration
   405 | D:1      | Learned a level 3 spell: Spectral Weapon
   722 | D:2      | Reached skill level 1 in Invocations
   760 | D:2      | Noticed Robin
   777 | D:2      | Killed from afar by a goblin

Levels and vault maps discovered:
D:1:      nicolae_arrival_memento_mori, layout_basic, minmay_cupped
D:2:      layout_rooms, lemuel_crystal_altar, uniq_robin

Skill      XL: |  1  2  3 |
---------------+----------+-----
Spellcasting   | 5 |  5.0
Invocations    | 1 |  1.0
Fighting       | |  4.5
Short Blades   | |  0.8
Long Blades    | |  0.8
Axes           | |  0.8
Maces & Flails | |  4.5
Polearms       | |  0.8
Staves         | |  0.8
Slings         | |  0.8
Bows           | |  0.8
Crossbows      | |  0.8
Throwing       | |  0.8
Armour         | |  2.6
Dodging        | |  4.5
Stealth        | |  0.8
Shields        | |  0.8
Unarmed Combat | |  0.8
Conjurations   | |  0.5
Hexes          | |  0.5
Charms         | |  5.4
Summonings     | |  0.5
Necromancy     | |  0.5
Translocations | |  0.5
Transmutations | |  0.5
Fire Magic     | |  0.5
Ice Magic      | |  0.5
Air Magic      | |  0.5
Earth Magic    | |  0.5
Poison Magic   | |  0.5
Evocations     | |  0.8

Action                   || total
-------------------------++-------
Melee: Mace              ||   119
       Bite              ||     4
 Cast: Shroud of Golubri ||    10
       Song of Slaying   ||     1
       Regeneration      ||     1
       Infusion          ||     1
  Use: Scroll            ||     5
       Potion            ||     1
Armor: Leather armour    ||     8
       Robe              ||    21
       Skin              ||     8
Dodge: Dodged            ||   132
Block: Other             ||    27
       Reflection        ||     1
